 Dungeon Crawl Stone Soup version 0.30-a0-1161-g0704695555 (webtiles) character file.

Game seed: 5607140151472267369

423554 greenreed the Conqueror (level 22, -3/233 HPs)
             Began as a Minotaur Berserker on Apr 27, 2023.
             Was the Champion of Trog.
             Slain by a deep troll (9 damage)
             ... led by an ironbound preserver
             ... on level 4 of the Vaults on Apr 28, 2023.
             The game lasted 02:10:07 (40447 turns).

greenreed the Conqueror (Minotaur Berserker)       Turns: 40447, Time: 02:10:07

Health: -3/233     AC: 36    Str: 36    XL:     22   Next: 70%
Magic:  21/21      EV: 16    Int:  1    God:    Trog [******]
Gold:   1834       SH: 18    Dex: 15    Spells: 21/21 levels left

rFire   + . .        v - +10 demon trident of a treasure trove {flame, Str+2}
rCold   + + .        z - +3 kite shield of Blue Surprise {rN+ Str+3}
rNeg    + . .        I - +0 crystal plate armour {rC+}
rPois   +            o - +2 hat
rElec   +            k - scarf {repulsion}
rCorr   .            N - +0 pair of gloves
SInv    +            V - +2 pair of boots {rampage}
Will    +++..        u - amulet of Yniham {rElec rPois Regen+ Int-5 Slay+2} Stlth
                     p - ring of see invisible
HPRegen 2.38/turn    Z - ring of Byuvveum {Contam rF+ rC+ Int+2 Dex+3}
MPRegen 0.17/turn

%: repel missiles, rampage
@: lethally poisoned (-3 -> -4), about to teleport, marked, strong-willed,
regenerating, studying Polearms
A: horns 2, retaliatory headbutt
}: 2/15 runes: decaying, serpentine
a: Renounce Religion, Berserk, Trog's Hand, Brothers in Arms


You were on level 4 of the Vaults.
You worshipped Trog.
Trog was exalted by your worship.
You visited 7 branches of the dungeon, and saw 38 of its levels.
You visited the Abyss 1 time.
You visited 1 bazaar.
You also visited: Ice Cave.

You collected 4227 gold pieces.
You spent 2393 gold pieces at shops.

Inventory:

Hand Weapons
 v - the +10 demon trident of a treasure trove (weapon) {flame, Str+2}
   (Trog gifted it to you on level 4 of the Swamp)

   Str:       It affects your strength (+2).
 T - a +7 glaive of flaming
 Y - a +9 demon trident of electrocution
Armour
 k - a scarf of repulsion (worn)
 o - a +2 hat (worn)
 z - the +3 kite shield of Blue Surprise (worn) {rN+ Str+3}
   (You found it on level 5 of the Lair of Beasts)

   Str:       It affects your strength (+3).
   rN:        It protects you from negative energy.
 I - a +0 crystal plate armour of cold resistance (worn)
 N - a +0 pair of gloves (worn)
 V - a +2 pair of boots of rampaging (worn)
Jewellery
 d - a ring of flight
 e - a ring of willpower
 i - a ring of willpower
 m - a ring of resist corrosion
 p - a ring of see invisible (left hand)
 r - a +4 ring of slaying
 u - the amulet of Yniham (around neck) {rElec rPois Regen+ Int-5 Slay+2}
   (You bought it in a shop on level 2 of the Orcish Mines)

   [amulet of regeneration]

   Int:       It affects your intelligence (-5).
   Slay:      It affects your accuracy & damage with ranged weapons and melee
   (+2).
   rElec:     It insulates you from electricity.
   rPois:     It protects you from poison.
   Regen:     It increases your rate of health regeneration.
 A - a ring of protection from cold
 X - a ring of protection from fire
 Z - the ring of Byuvveum (right hand) {Contam rF+ rC+ Int+2 Dex+3}
   (You found it on level 13 of the Dungeon)

   [ring of protection from fire]

   Int:       It affects your intelligence (+2).
   Dex:       It affects your dexterity (+3).
   rF:        It protects you from fire.
   rC:        It protects you from cold.
   Contam:    It causes magical contamination when unequipped.
Wands
 s - a wand of charming (65)
 t - a wand of light (20)
 x - a wand of iceblast (45)
 y - a wand of flame (89)
 L - a wand of mindburst (17)
 M - a wand of polymorph (9)
 U - a wand of digging (17)
Scrolls
 b - a scroll of brand weapon
 c - 18 scrolls of teleportation
 j - 7 scrolls of enchant armour
 l - 4 scrolls of fear
 w - 3 scrolls of torment
 D - 4 scrolls of magic mapping
 F - 4 scrolls of silence
 G - a scroll of enchant weapon
 H - 8 scrolls of poison
 K - 5 scrolls of summoning
 O - 6 scrolls of immolation
 P - 6 scrolls of fog
 Q - 2 scrolls of blinking
Potions
 a - 5 potions of ambrosia
 g - 3 potions of might
 n - 6 potions of haste
 q - 20 potions of curing
 B - 6 potions of mutation
 J - 3 potions of cancellation
 S - 2 potions of invisibility
 W - a potion of resistance
Miscellaneous
 f - a phial of floods
 h - a lightning rod (4/4)
 C - a box of beasts
 R - a tin of tremorstones (2/2)


   Skills:
 O Level 27 Fighting
 + Level 22.1 Polearms
 + Level 22.8 Armour
 + Level 19.1 Dodging
 + Level 19.0 Shields
 + Level 9.2 Evocations


You had 21 spell levels left.
You didn't know any spells.
Your spell library was empty.

Dungeon Overview and Level Annotations

Branches:
Dungeon (15/15)            Temple (0/1) D:5            Lair (5/5) D:8
  Swamp (4/4) Lair:2        Snake (4/4) Lair:2        Slime (0/5) Lair:4
    Orc (2/2) D:10            Elf (0/3) Orc:2        Vaults (4/5) D:13
  Crypt (0/3) Vaults:3     Depths (4/4) D:15          IceCv (visited)
    Zot: Depths:4

Altars:
Ashenzari
Elyvilon
Fedhas
Makhleb
Okawaru
Qazlal
Sif Muna
Trog
Uskayaw
Vehumet
Wu Jian
Xom
Yredelemnul
Zin
Jiyva

Shops:
D:10 !:[??   D:15 (   Orc:1 ((   Orc:2 =[:[   Snake:1 :   Snake:2 =(:[
Vaults:1 (   Vaults:2 =   Vaults:3 *   Vaults:4 (   Depths:1 [=
Depths:2 :*==[

Portals:
Hell: Depths:1 Depths:2 Depths:3
Abyss: Depths:3
Pandemonium: Depths:2 Depths:3
Ziggurat: Depths:4

Annotations:
Vaults:2 2 transporters, Joll's ghost, adept FoRe; Yptir's ghost, adept AtFE


Innate Abilities, Weirdness & Mutations

You have a pair of horns on your head.
You reflexively headbutt those who attack you in melee.


Message History

You block the ironbound convoker's attack.
The yaktaur captain hits you but does no damage.
You puncture the ironbound convoker! You burn the ironbound convoker.
You kill the ironbound convoker!
Trog accepts your kill.
Trog appreciates your killing of a magic user.
You feel sick.
Your Shields skill increases to level 19!
You perforate the deep troll like a sieve!!!
You burn the deep troll!!
You kill the deep troll!
Trog accepts your kill.
The troll leather armour is intact enough to wear.
You feel sick.
The ironbound preserver hits you with a +0 morningstar!
* * * LOW HITPOINT WARNING * * *
You block the vault guard's attack.
Electricity crackles from the ironbound thunderhulk's apparatus.
The bolt of lightning hits you! You resist.
* * * LOW HITPOINT WARNING * * *
You block the deep troll's attack. x2; The deep troll barely misses you.
The deep troll misses you.
The deep troll claws you but does no damage.
The deep troll misses you.
The vault sentinel blows a loud note on a signal horn!
The slime creature closely misses you. You furiously retaliate!
You headbutt the slime creature!
The yaktaur captain hits you but does no damage.
Unknown command.
You feel better.
The ironbound preserver hits you with a +0 morningstar!
* * * LOW HITPOINT WARNING * * *
The vault guard hits you from afar with a +2 glaive of venom!
* * * LOW HITPOINT WARNING * * *
You are poisoned.
The deep troll barely misses you. You furiously retaliate!
You headbutt the deep troll, but do no damage.
The deep troll claws you but does no damage.
You block the deep troll's attack. The deep troll bites you!
You die...

#.... #.... #.... #+#+#
#.... ...# #####
############+###########
......p)[).O............
....)pTTJ))..)..........
.....Wp@p...............
......cJ........))......
................[..†....
##################+#####
##.#.#.# #.......
#.....>. #.......
##.#.#.#


You could see an ironbound preserver, an ironbound thunderhulk, a yaktaur
captain, a vault guard, 2 slime creatures, 2 deep trolls, 2 vault sentinels and
a freezing wraith.

Vanquished Creatures
  Mara (Vaults:4)
  An ancient lich (Vaults:2)
  3 caustic shrikes (Depths:3)
  The ghost of Yhaurph the Hoplite, an adept MiFi of Okawaru (Vaults:3)
  the Enchantress (Depths:3)
  Jorgrun (D:13)
  Rupert (Snake:1)
  Mlioglotl (Swamp:1)
  A walking earthen tome (Depths:3)
  Asterion (Vaults:1)
  A walking frostbound tome (Depths:3)
  6 sphinxes
  A tentacled starspawn (Abyss:3)
  A tengu reaver (Depths:2)
  2 thorn hunters (Swamp:4)
  Roxanne (D:15)
  6 nagarajas
  A fenstrider witch (Swamp:1)
  2 fire giants
  2 frost giants (Depths:3)
  5 spectral caustic shrikes (Depths:2)
  17 vault wardens
  An orc warlord (Vaults:4)
  18 ironbound preservers
  17 very ugly things
  3 war gargoyles
  8 stone giants
  4 spriggan defenders (Depths:3)
  6 ironbound thunderhulks
  Nessos (D:13)
  5 eleionomae
  4 vampire knights
  9 spark wasps (Depths:3)
  4 bunyips
  3 dire elephants (Vaults:3)
  8 ettins
  An eidolon (Vaults:3)
  The ghost of turdburglar the Skirmisher, a journeyman GnHu of Ashenzari (Lair:2)
  A blizzard demon (Depths:1)
  2 crystal guardians (Vaults:3)
  A deep elf high priest (Vaults:4)
  2 entropy weavers
  4 fire dragons
  4 yaktaur captains
  Josephine (D:15)
  3 shambling mangroves
  A rakshasa (Depths:2)
  2 peacekeepers (Vaults:3)
  17 vault guards
  7 great orbs of eyes
  17 hydras
  5 ogre magi
  3 salamander tyrants
  2 ice dragons
  7 ironbound frosthearts
  2 catoblepae
  7 anacondas
  7 boulder beetles
  A spriggan skeleton (Depths:3)
  3 centaur warriors
  10 alligators
  2 spriggan air magi (Depths:3)
  2 ghost crabs
  17 naga warriors
  19 two-headed ogres
  2 death knights
  4 spriggan berserkers
  5 deep troll shamans
  6 naga sharpshooters
  4 deep troll earth magi
  A tengu warrior (D:15)
  An orc high priest (Orc:1)
  A vampire mage (Swamp:2)
  4 shock serpents
  4 hell knights (Depths:3)
  2 wretched stars (Abyss:3)
  A titan skeleton (Depths:3)
  3 iron trolls
  3 salamander mystics
  A skyshark (Lair:4)
  2 sixfirhies (Abyss:3)
  3 flayed ghosts (Swamp:4)
  5 skeletal warriors
  49 deep trolls
  4 glowing orange brains
  4 sea snakes
  7 bog bodies
  A spark wasp zombie (Depths:3)
  3 spectral hydras (Swamp:4)
  10 wizards
  10 goliath frogs
  5 swamp dragons
  3 phantasmal warriors
  6 naga ritualists
  5 spriggan druids
  6 necromancers
  36 ugly things
  4 orc knights
  16 ironbound convokers
  A deep elf zephyrmancer (D:15)
  2 lindwurms (Vaults:2)
  A deep elf pyromancer (D:12)
  4 oklob plants
  8 mana vipers
  6 harpies (Vaults:2)
  11 cyclopes
  12 salamanders
  2 will-o-the-wisps
  2 moths of wrath (Lair:2)
  3 orc sorcerers
  4 large abominations (Abyss:3)
  5 manticores
  A human skeleton (Vaults:3)
  2 guardian serpents
  7 elephants
  An ice statue (IceCv)
  21 naga magi
  A centaur zombie (D:15)
  35 black mambas
  An elf skeleton (Vaults:3)
  9 cane toads
  A storm dragon simulacrum (Depths:3)
  18 vault sentinels
  An unseen horror (D:13)
  4 rime drakes
  A human zombie (Vaults:3)
  15 yaktaurs
  3 centaur skeletons (D:15)
  A freezing wraith (D:14)
  A yaktaur zombie (Vaults:3)
  A kobold demonologist (D:12)
  6 komodo dragons
  4 tengu conjurers
  2 anaconda simulacra (IceCv)
  17 trolls
  A hydra zombie (Swamp:4)
  3 bloated husks
  3 meliai (D:12)
  6 polar bears (Lair:5)
  A queen bee (D:12)
  19 hornets
  11 tyrant leeches
  3 hydra skeletons (Swamp:4)
  An ettin zombie (Vaults:3)
  5 blink frogs (Lair:1)
  2 dream sheep (Lair:5)
  18 slime creatures
  4 flying skulls (Abyss:3)
  4 shadows
  A culicivora (shapeshifter) (D:13)
  A stone giant simulacrum (Vaults:3)
  27 spriggans
  11 wraiths
  6 wyverns
  5 water elementals
  28 yaks
  A jumping spider (Vaults:4)
  A vampire (D:12)
  A human (shapeshifter) (D:13)
  2 basilisks
  14 vampire mosquitoes
  A redback (Vaults:4)
  A neqoxec (Abyss:3)
  A steam dragon (D:9)
  2 death yak simulacra (IceCv)
  A harpy simulacrum (IceCv)
  11 wargs
  57 nagas
  6 swamp worms
  3 acid dragons
  13 water moccasins
  5 hydra simulacra
  2 hell hounds (D:9)
  15 orc warriors
  A sky beast (D:7)
  8 swamp drakes
  An ice beast (D:6)
  3 swamp dragon zombies (Swamp:4)
  5 black bears
  29 ogres
  25 wolves
  13 boggarts
  5 phantoms
  21 centaurs
  6 bullfrogs
  8 kobold brigands
  3 scorpions
  A glowing shapeshifter simulacrum (Depths:3)
  7 two-headed ogre simulacra (IceCv)
  3 cane toad simulacra (IceCv)
  52 killer bees
  4 troll zombies (D:10)
  2 elephant simulacra (IceCv)
  15 howler monkeys
  2 electric eels
  2 quasits (Abyss:3)
  3 hounds
  Crazy Yiuf (D:2)
  16 orc priests
  7 gnoll boudas
  A sleepcap (D:7)
  3 small abominations (Abyss:3)
  Ijyb (D:4)
  Natasha (thrice) (D:4)
  21 orc wizards
  2 hell rats (D:7)
  A polar bear simulacrum (IceCv)
  3 troll simulacra (IceCv)
  6 spriggan simulacra (IceCv)
  2 wolf simulacra (IceCv)
  4 ogre zombies (D:10)
  Robin (D:3)
  12 gnolls
  6 adders
  2 river rats (D:8)
  6 naga simulacra (IceCv)
  2 shadow imps
  6 white imps
  9 ufetubi
  3 dart slugs
  2 worms (D:2)
  64 orcs
  9 ball pythons
  9 endoplasms
  9 giant cockroaches
  24 goblins
  13 hobgoblins
  10 jackals
  4 quokkas
  7 bats
  5 frilled lizards
  A goblin skeleton (D:10)
  4 goblin zombies (D:10)
  2 hobgoblin zombies (D:10)
  9 kobolds
  3 orc skeletons (D:10)
  15 orc zombies (D:10)
  7 rats
  A briar patch (Swamp:4)
1566 creatures vanquished.

Vanquished Creatures (collateral kills)
  A caustic shrike (Depths:3)
  A titan (Depths:3)
  Gastronok (D:12)
  A daeva (Abyss:3)
  A frost giant (Depths:3)
  An iron dragon (Depths:3)
  A reaper (Abyss:3)
  A deep troll shaman (Depths:3)
  A spriggan berserker (Depths:3)
  3 death yaks (D:8)
  A vampire mage (Abyss:3)
  5 deep trolls (Depths:3)
  A harpy (shapeshifter) (Abyss:3)
  2 orc knights (Orc:1)
  A deep elf pyromancer (D:12)
  4 ugly things
  A cyclops (D:9)
  A smoke demon (Abyss:3)
  A troll (D:9)
  A death drake zombie (Swamp:4)
  5 spriggans (Lair:2)
  2 slime creatures (D:11)
  A basilisk (D:12)
  A large abomination (Abyss:3)
  A warg (Orc:1)
  A swamp drake (Swamp:4)
  3 orc warriors (Orc:1)
  A gnoll sergeant (D:9)
  2 killer bees
  2 gnoll boudas (D:9)
  3 orcs (Orc:1)
52 creatures vanquished.

Vanquished Creatures (others)
  A tengu warrior (Swamp:3)
  A spriggan (Swamp:3)
  A wizard (Vaults:4)
  A bog body (Swamp:3)
  A will-o-the-wisp (Swamp:3)
  A tengu conjurer (Swamp:3)
  3 bloated husks
  A hornet (Swamp:3)
  2 swamp worms
  An orc wizard (D:9)
  10 foxfires
  15 fungi
  45 plants
  2 starspawn tentacles (Abyss:3)
85 creatures vanquished.

Grand Total: 1703 creatures vanquished

Notes
Turn   | Place    | Note
-------+----------+-------------------------------------------
     0 | D:1      | greenreed the Minotaur Berserker began the quest for the
                  | Orb.
     0 | D:1      | Reached XP level 1. HP: 19/19 MP: 0/0
    65 | D:1      | Reached XP level 2. HP: 27/27 MP: 1/1
   157 | D:1      | Reached skill level 4 in Fighting
   251 | D:1      | You fall into a shaft and drop 1 floor!
   311 | D:2      | Reached XP level 3. HP: 25/33 MP: 2/2
   426 | D:2      | Reached ** piety under Trog
   435 | D:2      | Found a faded altar of an unknown god.
   795 | D:2      | Found a runed translucent door.
   796 | D:2      | Noticed Crazy Yiuf
   808 | D:2      | Killed Crazy Yiuf
   809 | D:2      | Reached XP level 4. HP: 41/41 MP: 3/3
   812 | D:2      | Identified the +6 hammer of the Uplifting Pill Bug {pain,
                  | Will+}
  1633 | D:3      | Reached skill level 5 in Fighting
  1633 | D:3      | Reached XP level 5. HP: 48/48 MP: 4/4
  1641 | D:3      | Reached skill level 5 in Polearms
  2072 | D:3      | Noticed Robin
  2094 | D:3      | Reached *** piety under Trog
  2113 | D:3      | Killed Robin
  2232 | D:3      | Reached XP level 6. HP: 56/56 MP: 5/5
  2803 | D:4      | Noticed Ijyb
  2815 | D:4      | Killed Ijyb
  2858 | D:4      | Reached skill level 6 in Fighting
  2985 | D:4      | Found a broken altar of Ashenzari.
  3026 | D:4      | Reached XP level 7. HP: 63/63 MP: 6/6
  3273 | D:4      | Reached **** piety under Trog
  3283 | D:4      | Noticed Natasha
  3286 | D:4      | Found a white marble altar of Elyvilon.
  3291 | D:4      | Killed Natasha
  3373 | D:4      | Found a blossoming altar of Fedhas.
  3375 | D:4      | Found a shimmering altar of Xom.
  3375 | D:4      | Found an iron altar of Okawaru.
  3376 | D:4      | Found a radiant altar of Vehumet.
  3500 | D:4      | Noticed Natasha
  3511 | D:4      | Killed Natasha
  3691 | D:4      | Noticed Natasha
  3703 | D:4      | Killed Natasha
  3777 | D:5      | Entered Level 5 of the Dungeon
  3932 | D:5      | Found a stormy altar of Qazlal.
  4079 | D:5      | Reached skill level 7 in Fighting
  4146 | D:5      | Found a staircase to the Ecumenical Temple.
  4564 | D:6      | Reached skill level 5 in Armour
  4564 | D:6      | Reached XP level 8. HP: 71/73 MP: 7/7
  4729 | D:6      | Reached skill level 5 in Dodging
  4797 | D:6      | Reached skill level 8 in Fighting
  5038 | D:6      | Reached XP level 9. HP: 82/82 MP: 8/8
  5422 | D:7      | Reached skill level 9 in Fighting
  5967 | D:7      | Found a burning altar of Makhleb.
  5967 | D:7      | Noticed a green death
  5971 | D:7      | Noticed an orange demon
  6301 | D:8      | Noticed a death yak
  6304 | D:8      | Noticed a death yak
  6304 | D:8      | Noticed a death yak
  6364 | D:8      | Found a basalt altar of Yredelemnul.
  6371 | D:8      | Found a staircase to the Lair.
  6519 | D:7      | Reached skill level 10 in Fighting
  6519 | D:7      | Reached skill level 10 in Polearms
  7036 | D:8      | Reached ***** piety under Trog
  7087 | D:8      | Killed a death yak
  7088 | D:8      | Reached XP level 10. HP: 84/94 MP: 9/9
  7093 | D:8      | Killed a death yak
  7094 | D:8      | Reached skill level 11 in Fighting
  7095 | D:8      | Killed a death yak
  7669 | D:9      | Noticed a cyclops
  7693 | D:9      | Killed a cyclops
  7856 | D:9      | Noticed a two-headed ogre
  7874 | D:9      | Killed a two-headed ogre
  7875 | D:9      | Reached skill level 12 in Fighting
  7915 | D:9      | Found a glowing silver altar of Zin.
  7915 | D:9      | Noticed an angel
  8192 | D:9      | Reached XP level 11. HP: 98/104 MP: 10/10
  8814 | D:9      | Noticed an ogre mage
  8821 | D:9      | Killed an ogre mage
  8936 | D:9      | Reached skill level 13 in Fighting
  9359 | D:9      | Noticed a two-headed ogre
  9364 | D:9      | Killed a two-headed ogre
  9644 | D:10     | Entered Level 10 of the Dungeon
  9645 | D:10     | Found Siseahize's Book Emporium.
  9684 | D:10     | Found Emus's Armour Emporium.
  9807 | D:10     | Found Depameog's Distillery.
  9814 | D:10     | Bought a potion of flight for 39 gold pieces
  9814 | D:10     | Bought a potion of curing for 39 gold pieces
  9814 | D:10     | Bought a potion of degeneration for 13 gold pieces
 10014 | D:10     | Found a staircase to the Orcish Mines.
 10041 | D:10     | Received a gift from Trog
 10187 | D:10     | Found Japy's Magic Scroll Shop.
 10195 | D:10     | Bought a scroll of identify for 28 gold pieces
 10195 | D:10     | Bought a scroll of teleportation for 42 gold pieces
 10206 | D:10     | Found Ybieg's Magic Scroll Shop.
 10379 | D:10     | Found an ornate altar of the Wu Jian Council.
 10638 | D:11     | Noticed a two-headed ogre
 10642 | D:11     | Killed a two-headed ogre
 10643 | D:11     | Reached skill level 14 in Fighting
 10643 | D:11     | Reached skill level 10 in Armour
 10643 | D:11     | Reached XP level 12. HP: 117/117 MP: 11/11
 11060 | D:11     | Noticed a boulder beetle
 11071 | D:11     | Killed a boulder beetle
 11521 | D:11     | Noticed a stone giant
 11528 | D:11     | Killed a stone giant
 11533 | D:11     | Identified the staff of cold "Omired" {rF- rC+ rN++ SInv
                  | Stlth+}
 11861 | D:12     | Noticed a boulder beetle
 11868 | D:12     | Killed a boulder beetle
 12216 | D:12     | Noticed Gastronok
 12230 | D:12     | Reached skill level 15 in Fighting
 12233 | D:12     | Killed Gastronok
 12234 | D:12     | Reached skill level 15 in Polearms
 12234 | D:12     | Reached skill level 10 in Dodging
 12405 | D:12     | Noticed a deep troll earth mage
 12535 | D:12     | Noticed a two-headed ogre
 12542 | D:12     | Killed a two-headed ogre
 12543 | D:12     | Reached XP level 13. HP: 115/127 MP: 12/12
 12673 | D:12     | Noticed a sphinx
 12698 | D:12     | Killed a sphinx
 12984 | D:12     | Reached skill level 16 in Fighting
 13512 | D:13     | Noticed Nessos
 13525 | D:13     | Killed Nessos
 13547 | D:13     | Identified the +5 short sword of the Enfolding Gods
                  | {protect, Str+2}
 13874 | D:13     | Found a transporter.
 13874 | D:13     | Found a transporter.
 14273 | D:13     | Noticed Jorgrun
 14297 | D:13     | Killed Jorgrun
 14731 | D:13     | Found a gate to the Vaults.
 14735 | D:13     | Identified the ring of Byuvveum {Contam rF+ rC+ Int+2
                  | Dex+3}
 14895 | D:14     | Reached skill level 17 in Fighting
 15113 | D:14     | Reached XP level 14. HP: 140/140 MP: 13/13
 15521 | D:14     | Received a gift from Trog
 15651 | D:15     | Entered Level 15 of the Dungeon
 15721 | D:15     | Identified Roxanne's Incunabulum of Changing
 15721 | D:15     | Noticed Roxanne
 15877 | D:15     | Paralysed by something for 2 turns
 15928 | D:15     | Found Qufiled's Antique Weapon Shoppe.
 16035 | D:15     | Reached skill level 18 in Fighting
 16273 | D:10     | Bought a manual of Polearms for 960 gold pieces
 16407 | Abyss:3  | Cast into level 3 of the Abyss (a wizard)
 16523 | Abyss:3  | Noticed a tentacled starspawn
 16531 | Abyss:3  | Killed a tentacled starspawn
 16669 | Abyss:3  | Noticed a reaper
 16681 | Abyss:3  | Noticed a daeva
 16687 | Abyss:3  | Killed a reaper
 16693 | Abyss:3  | Killed a daeva
 16720 | D:15     | Escaped the Abyss
 16732 | D:15     | Received a gift from Trog
 16849 | D:15     | Found a staircase to the Depths.
 16956 | D:15     | Noticed Josephine
 16965 | D:15     | Killed Josephine
 16966 | D:15     | Reached XP level 15. HP: 150/150 MP: 14/14
 17177 | D:15     | Found a shimmering blue altar of Sif Muna.
 17220 | D:15     | Killed Roxanne
 17407 | Lair:1   | Entered Level 1 of the Lair of Beasts
 17480 | Lair:1   | Identified a scroll of acquirement
 17483 | Lair:1   | Acquired a manual of Armour
 17534 | Lair:1   | Found a basalt altar of Yredelemnul.
 18371 | Lair:2   | Noticed turdburglar's ghost (journeyman GnHu)
 18376 | Lair:2   | Found a bloodstained altar of Trog.
 18386 | Lair:2   | Found a transporter.
 18414 | Lair:2   | Found a transporter.
 18431 | Lair:2   | Identified the +1 scale mail "Verivod" {Dex+2}
 18517 | Lair:2   | Identified the +1 whip "Kuilu" {drain, Will+ Dex+3}
 18586 | Lair:2   | Reached skill level 19 in Fighting
 18761 | Lair:2   | Found a staircase to the Snake Pit.
 18975 | Lair:2   | Found a staircase to the Swamp.
 19862 | Lair:4   | Found a frozen archway.
 19876 | IceCv    | Entered an ice cave
 20147 | IceCv    | Reached ****** piety under Trog
 20615 | Lair:4   | Received a gift from Trog
 20906 | Lair:4   | Found a staircase to the Slime Pits.
 20913 | Lair:4   | Found a viscous altar of Jiyva.
 21045 | Lair:5   | Entered Level 5 of the Lair of Beasts
 21295 | Lair:5   | Reached skill level 15 in Armour
 21528 | Lair:5   | Reached skill level 20 in Fighting
 22202 | Lair:5   | Identified the +3 kite shield of Blue Surprise {rN+ Str+3}
 22624 | Lair:2   | Killed turdburglar's ghost
 22776 | Orc:1    | Entered Level 1 of the Orcish Mines
 22776 | Orc:1    | You fall into a shaft and drop 1 floor!
 22776 | Orc:2    | Entered Level 2 of the Orcish Mines
 22776 | Orc:2    | Found Biyll's Jewellery Shop.
 22776 | Orc:2    | Found Usolyijy's Book Emporium.
 22776 | Orc:2    | Found Keqoniph's Armour Shoppe.
 22776 | Orc:2    | Found Huetiuma's Antique Armour Emporium.
 22783 | Orc:2    | Reached skill level 1 in Shields
 22973 | Orc:2    | Found a staircase to the Elven Halls.
 23055 | Orc:2    | Reached XP level 16. HP: 165/165 MP: 15/15
 23227 | Orc:1    | Found Roitefep's Weapon Shop.
 23228 | Orc:1    | Found Archeiqel's Antique Weapon Shoppe.
 23299 | Orc:1    | Received a gift from Trog
 23893 | Orc:2    | Reached skill level 5 in Shields
 24092 | Orc:2    | Bought the amulet of Yniham {rElec rPois Regen+ Int-5
                  | Slay+2} for 645 gold pieces
 24477 | Depths:1 | Entered Level 1 of the Depths
 24493 | Depths:1 | Reached skill level 21 in Fighting
 24594 | Depths:1 | Found a gateway to Hell.
 24716 | Depths:1 | Found Maxec's Jewellery Boutique.
 24716 | Depths:1 | Found Alyimic's Armour Shop.
 24734 | Depths:1 | Bought a scarf of repulsion for 252 gold pieces
 24781 | Depths:1 | Found a hide-covered altar of Uskayaw.
 24933 | Depths:1 | Found a basalt altar of Yredelemnul.
 25383 | D:15     | Bought a dazzling glaive for 345 gold pieces
 25383 | D:15     | Identified the +7 glaive of Wiskum {freeze, rN++ rCorr
                  | Int-4} (You bought it in a shop on level 15 of the Dungeon)
 25516 | Depths:2 | Found Tukegg's Jewellery Shoppe.
 25582 | Depths:2 | Received a gift from Trog
 25765 | Depths:2 | Found Wistude's General Store.
 25807 | Depths:2 | Noticed a tengu reaver
 25825 | Depths:2 | Killed a tengu reaver
 25918 | Depths:2 | Found a one-way gate leading to the halls of Pandemonium.
 26141 | Depths:2 | Found Yhaxol's Book Emporium.
 26200 | Depths:2 | Found Ohegye's Jewellery Emporium.
 26226 | Depths:2 | Found Ciyciamo's Antique Armour Emporium.
 26231 | Depths:2 | Reached skill level 22 in Fighting
 26234 | Depths:2 | Reached XP level 17. HP: 176/176 MP: 16/16
 26538 | Depths:3 | Reached skill level 10 in Shields
 26544 | Depths:3 | Noticed a caustic shrike
 26545 | Depths:3 | Noticed a caustic shrike
 26557 | Depths:3 | Reached skill level 15 in Dodging
 26563 | Depths:3 | Killed a caustic shrike
 26567 | Depths:3 | Noticed a caustic shrike
 26567 | Depths:3 | Noticed a titan
 26582 | Depths:3 | Killed a caustic shrike
 26853 | Depths:3 | Found a gateway to a bazaar.
 26864 | Bazaar   | Entered a bazaar
 26868 | Bazaar   | Found Miyh Ibop's Book Boutique.
 26884 | Bazaar   | Found Ehushrukk's Antique Armour Boutique.
 26895 | Bazaar   | Found Bearph's Distillery.
 26919 | Bazaar   | Found Cikolaz's General Store.
 26927 | Bazaar   | Found Olicle's Antique Weapon Emporium.
 27020 | Depths:3 | Paralysed by a sphinx for 5 turns
 27370 | Depths:3 | Noticed a caustic shrike
 27384 | Depths:3 | Reached skill level 23 in Fighting
 27389 | Depths:3 | Killed a caustic shrike
 27405 | Depths:3 | Killed a caustic shrike
 27422 | Depths:3 | Killed a titan
 27531 | Depths:3 | Paralysed by a sphinx for 3 turns
 27558 | Depths:3 | Noticed a walking earthen tome
 27564 | Depths:3 | Killed a walking earthen tome
 27628 | Depths:3 | Received a gift from Trog
 27731 | Depths:3 | Reached XP level 18. HP: 186/189 MP: 17/17
 28102 | Depths:3 | Noticed the Enchantress
 28592 | Depths:3 | Killed the Enchantress
 28707 | Depths:3 | Found a one-way gate to the infinite horrors of the Abyss.
 28758 | Depths:4 | Entered Level 4 of the Depths
 28766 | Depths:4 | Found a one-way gateway to a ziggurat.
 29147 | Snake:1  | Entered Level 1 of the Snake Pit
 29160 | Snake:1  | Found Masmuxups's Book Emporium.
 29309 | Snake:1  | Noticed Rupert
 29330 | Snake:1  | Killed Rupert
 29650 | Snake:1  | Reached skill level 24 in Fighting
 29934 | Snake:1  | Identified the +6 long sword of the Coward {flame, +Blink
                  | rN+ Will+ Int+4}
 30431 | Snake:2  | Reached skill level 1 in Evocations
 30529 | Snake:2  | Found Ycusk's Book Shoppe.
 30560 | Snake:2  | Found Buidefuf's Jewellery Shoppe.
 30570 | Snake:2  | Found Fonor's Antique Armour Shoppe.
 30570 | Snake:2  | Found Poneontu's Weapon Shoppe.
 30781 | Snake:2  | Reached skill level 15 in Shields
 32047 | Snake:4  | Entered Level 4 of the Snake Pit
 32070 | Snake:4  | Reached XP level 19. HP: 176/200 MP: 18/18
 32145 | Snake:4  | Received a gift from Trog
 32791 | Snake:4  | Got a serpentine rune of Zot
 32829 | Snake:4  | Reached skill level 25 in Fighting
 33095 | Swamp:1  | Entered Level 1 of the Swamp
 33378 | Swamp:1  | Noticed Mlioglotl
 33390 | Swamp:1  | Killed Mlioglotl
 33465 | Swamp:1  | Received a gift from Trog
 34093 | Swamp:2  | Identified the +1 leather armour of Untruth {Int+3}
 34574 | Swamp:3  | Received a gift from Trog
 34600 | Swamp:3  | Reached skill level 5 in Evocations
 35014 | Swamp:4  | Entered Level 4 of the Swamp
 35554 | Swamp:4  | Identified the +10 demon trident of a treasure trove
                  | {flame, Str+2} (Trog gifted it to you on level 4 of the
                  | Swamp)
 35554 | Swamp:4  | Received a gift from Trog
 35568 | Swamp:4  | Reached XP level 20. HP: 193/212 MP: 19/19
 35699 | Swamp:4  | Reached skill level 26 in Fighting
 35757 | Swamp:4  | Found a basalt altar of Yredelemnul.
 35771 | Swamp:4  | Got a decaying rune of Zot
 35789 | Swamp:4  | Found a blossoming altar of Fedhas.
 36159 | Vaults:1 | Entered Level 1 of the Vaults
 36186 | Vaults:1 | Found Naafebru's Antique Weapon Boutique.
 36400 | Vaults:1 | Received a gift from Trog
 36581 | Vaults:1 | Noticed Asterion
 36589 | Vaults:1 | Killed Asterion
 37365 | Vaults:2 | Found Icuh's Jewellery Boutique.
 37562 | Vaults:2 | Received a gift from Trog
 37761 | Vaults:2 | Noticed an ancient lich
 37770 | Vaults:2 | Killed an ancient lich
 37809 | Vaults:2 | Paralysed by a sphinx for 2 turns
 37875 | Vaults:2 | Noticed Joll's ghost (adept FoRe)
 37877 | Vaults:2 | Noticed an ancient lich
 37887 | Vaults:2 | Noticed Yptir's ghost (adept AtFE)
 37894 | Vaults:2 | Found a transporter.
 37901 | Vaults:2 | Found a transporter.
 38616 | Vaults:3 | Found a runed translucent gate.
 38616 | Vaults:3 | Found a runed translucent gate.
 38617 | Vaults:3 | Found a runed translucent gate.
 38681 | Vaults:3 | Noticed Yhaurph's ghost (adept MiFi)
 38703 | Vaults:3 | Killed Yhaurph's ghost
 38710 | Vaults:3 | Identified the ring "Oloaq" {rF+ rC- Str+4 Dex+2 SInv}
 38760 | Vaults:3 | Received a gift from Trog
 38976 | Vaults:3 | Reached skill level 27 in Fighting
 39078 | Vaults:3 | Reached XP level 21. HP: 224/224 MP: 20/20
 39110 | Vaults:3 | Found Okhleub's Assorted Antiques.
 39117 | Vaults:3 | Bought a bubbling yellow potion for 30 gold pieces
 39124 | Vaults:3 | Reached XP level 22. HP: 233/233 MP: 21/21
 39211 | Vaults:3 | Found a staircase to the Crypt.
 39663 | Vaults:3 | Received a gift from Trog
 40048 | Vaults:4 | Found Woojeshri's Weapon Boutique.
 40060 | Vaults:4 | Noticed Mara
 40063 | Vaults:4 | Noticed greenreed's illusion
 40074 | Vaults:4 | Killed Mara
 40392 | Vaults:4 | Received a gift from Trog
 40447 | Vaults:4 | HP: 6/233 [vault guard/+2 glaive of venom[a vault warden]
                  | (8)]
 40447 | Vaults:4 | Slain by a deep troll

Illustrated notes

Levels and vault maps discovered:
D:1:      dpeg_arrival_tiny_h, layout_rooms
D:2:      layout_basic, hellmonk_ecumenical_altar_dog_temple,
          uniq_crazy_yiuf_cottage
D:3:      cheibrodos_pilgrimage, layout_basic, minmay_stone_trees_small,
          uniq_robin
D:4:      layout_gridville, nicolae_ashenzari_panopticon,
          grunt_temple_overflow_open, minmay_ogre_servants, uniq_ijyb,
          uniq_natasha
D:5:      layout_basic, mainiacjoe_overflow_small_starburst,
          minmay_temple_entry_slanted, nicolae_goblin_pals
D:6:      layout_basic
D:7:      layout_basic, makhleb_altar_promises_db, chequers_garden
D:8:      layout_rooms, overflow_temple_1_default, dpeg_lair_monsters
D:9:      lemuel_castle_with_subvaults [lemuel_castle_interior_carwin_1],
          layout_stronghold, zin_angel
D:10:     layout_loops_ring, lemuel_round_altar, zombieorc2_lemuel,
          serial_shops, nicolae_shop_just_a_little_nook, shop, shop, shop, shop
D:11:     layout_cave_pools, kennysheep_just_a_vault
D:12:     regret_index_bee_streams, layout_basic, uniq_gastronok
D:13:     gammafunk_boulding_lane, layout_loops_ring, david_vaults_4,
          uniq_nessos, uniq_jorgrun
D:14:     layout_roguey, serial_park_square3 [serial_park_minivault_5x5_1]
D:15:     grunt_enter_depths_magical_seal, layout_rooms, serial_shops,
          shop_fountains, lemuel_blue_sif_altar, uniq_roxanne, uniq_josephine
Lair:1:   layout_roguey, lemuel_oklob_altar
Lair:2:   layout_long_grid, swamp_mist, nicolae_snake_entry_squirm,
          gammafunk_ghost_wrathful_warriors, serial_bayou_shore_b
Lair:3:   layout_misc_corridors, grunt_forest_small_clearing_treed
Lair:4:   layout_roguey, dpeg_slime_entry_corner, portal_ice_cave_rime,
          lemuel_fruit_tree
Lair:5:   minmay_lair_end_enchanted_forest, layout_regular_city,
          chequers_serial_rivers_large_b, grunt_megastairs_3
Swamp:1:  nicolae_swamp_ascending_descending_big, layout_basic_swamp,
          serial_swamp_ruin, evilmike_swamp_ruin_rubble_2,
          hangedman_swamp_ruin_wall, uniq_mlioglotl
Swamp:2:  layout_basic_swamp, nicolae_swamp_treefoil,
          cheibrodos_swamp_pet_leeches
Swamp:3:  layout_falls_marsh, evilmike_swamp_ruin_house_4, kb_tengu_band
Swamp:4:  byrel_swamp_growth_death_and_undeath, layout_basic_swamp, swamp_pool1
Snake:1:  layout_onion, serial_shops, nicolae_shop_trees, grunt_megastairs_4,
          serial_bayou_shore_a, uniq_rupert
Snake:2:  nicolae_snake_hallway, layout_basic, drop_trap,
          minmay_shop_grid_forest, nrook_loot_triangle
Snake:3:  layout_grid_maze, grunt_ministairs_11, serial_bayou_shore_b
Snake:4:  minmay_snake_end_coiled, layout_cave_town
Orc:1:    layout_caves, serial_shops, basic_altar, guppyfry_orc_lava_fort
Orc:2:    st_orc_open, layout_caves
Vaults:1: nicolae_vaults_twisting_passages, nicolae_vaults_door_testing_chamber,
          nicolae_vaults_frosty_reception, nicolae_vaults_surprise_closet_hard,
          v_misc_27, vaults_room_grunt_arrival_checkpoint,
          nicolae_vaults_house_1, layout_vaults_omnigrid, serial_shops, shop,
          uniq_asterion
Vaults:2: nzn_ghost_randoct, nicolae_vaults_two_Ls, hangedman_vaults_stagger,
          ontoclasm_vaults_spin, nicolae_vaults_trapezoid_layered, v_misc_29,
          nicolae_vaults_crenellated_ambush, vaults_dpeg_encased_lava,
          nicolae_vaults_house_1, v_rooms_3, nicolae_vaults_heist,
          nicolae_vaults_sesquioval_fish, vaults_room_stairs_pillars,
          nicolae_vaults_circle_grid_b, vaults_dpeg_hooks,
          layout_vaults_omnicross, serial_shops, shop
Vaults:3: ebering_ghost_rock_garden, nicolae_vaults_network_s, v_misc_22,
          v_alt_pattern_2, minmay_crypt_entry_simple_walls,
          nicolae_vaults_big_angled_halls, nicolae_vaults_what_the_h,
          nicolae_vaults_tetromino_L_1, vaults_standard_mumra_x, v_misc_8,
          v_misc_3, grunt_vaults_trifunnel, layout_vaults_omnibox, serial_shops,
          shop
Vaults:4: ebering_ghost_disaster_area, nicolae_vaults_house_1,
          vaults_room_door_hall, ontoclasm_vaults_fault,
          nicolae_vaults_stepped_doors, st_octagons_2,
          nicolae_vaults_trapezoid_lopsided_1, nicolae_vaults_meiosis,
          hangedman_vaults_stream, nicolae_vaults_oval_intersection,
          nicolae_vaults_octothorpe, nicolae_vaults_heart-shaped_vault,
          nicolae_vaults_taking_the_gang_shopping, nicolae_vaults_tetromino_L_2,
          vaults_room_hallway, layout_vaults_ring, uniq_mara
Depths:1: layout_roguey, hangedman_coc_ice_floe, yredelemnul_altar_generic,
          nicolae_water_bricks, eat_drink_and_be_merry_uskayaw,
          serial_bayou_shore_b, minmay_shoptagon, serial_bayou_shore_b
Depths:2: nicolae_cairo_tiling, layout_cave_pools, serial_shops,
          nicolae_shop_hallway_plus, nicolae_shop_tiny_waterfront, shop,
          nicolae_shop_real_fake_doors, nicolae_square_shop, minivault_11,
          pf_hell_entry_tar_river, pan_entry
Depths:3: grunt_deathspiral_large, layout_cave_shapes, serial_glass,
          glass_columns_c, glass_columns_b, item_on_display_a,
          minmay_strange_pillars, hell_entry, abyss_entry_small_statue_room,
          pan_entry, serial_shops, bzr_entry_dummy, uniq_enchantress
Depths:4: evilmike_zot_entry_diamond, layout_cave_pools, ziggurat_fallback,
          ebering_ghost_rock_garden, grunt_pan_entry_zigzag, abyss_entry,
          hell_entry, serial_bayou_ford_a

Skill      XL: |  1  2  3  4  5  6  7  8  9 10 11 12 13 14 15 16 17 18 19 20 21 22 |
---------------+-------------------------------------------------------------------+-----
Fighting       | 4 5 6 7 8 10 12 14 15 17 18 20 22 23 24 25 27 | 27.0
Polearms       | 4 5 6 7 8 10 12 14 15 17 19 20 22 | 22.1
Armour         | 3 4 5 6 7 8 10 11 12 13 15 18 19 20 21 22 | 22.8
Dodging        | 3 4 5 7 8 9 10 11 12 13 14 15 16 17 18 19 | 19.1
Shields        | 1 9 12 15 16 17 18 19 | 19.0
Evocations     | 3 5 7 9 |  9.2

Action                     |  1- 3 |  4- 6 |  7- 9 | 10-12 | 13-15 | 16-18 | 19-21 | 22-24 || total
---------------------------+-------+-------+-------+-------+-------+-------+-------+-------++-------
  Melee: Spear             |   110 |   175 |       |       |       |       |       |       ||   285
         Headbutt          |    11 |    23 |    56 |   107 |   175 |   209 |   246 |   129 ||   956
         Punch             |       |     2 |     4 |       |       |       |       |       ||     6
         Trident           |       |    50 |   262 |       |       |       |       |       ||   312
         Halberd           |       |       |   125 |   434 |       |       |       |       ||   559
         Glaive            |       |       |       |   227 |   944 |   725 |       |       ||  1896
         Demon trident     |       |       |       |       |       |   414 |  1061 |   456 ||  1931
 Invoke: Berserk           |     1 |     2 |     3 |     5 |     2 |       |     1 |       ||    14
         Trog's Hand       |       |       |     1 |       |     1 |     4 |     1 |     1 ||     8
         Brothers in Arms  |       |       |     1 |     4 |     6 |    13 |     1 |       ||    25
  Evoke: Wand              |       |       |       |       |       |       |     1 |       ||     1
    Use: Scroll            |       |       |       |    13 |     9 |    11 |     2 |     1 ||    36
         Potion            |       |       |       |       |     1 |     2 |     1 |     2 ||     6
   Stab: Sleeping          |     1 |       |       |       |       |       |       |       ||     1
         Petrified         |       |       |       |       |     1 |       |       |       ||     1
         Distracted        |       |       |       |       |       |     3 |       |       ||     3
 Armour: Animal skin       |    14 |    27 |       |       |       |       |       |       ||    41
         Chain mail        |       |    58 |    22 |       |       |       |       |       ||    80
         Plate armour      |       |       |   185 |   305 |   384 |    34 |       |       ||   908
         Skin              |       |       |       |    11 |       |       |       |       ||    11
         Crystal plate arm |       |       |       |       |       |   375 |   435 |   110 ||   920
  Dodge: Dodged            |    41 |    87 |   138 |   216 |   346 |   357 |   313 |   121 ||  1619
         Repelled          |       |       |       |       |       |    17 |    20 |     2 ||    39
  Block: Other             |       |       |    77 |   117 |   130 |    15 |       |       ||   339
         Reflection        |       |       |     3 |    12 |     6 |     1 |       |       ||    22
         Kite shield       |       |       |       |       |       |   232 |   585 |   206 ||  1023

Table legend: (Time is in decaauts)
 A = Elapsed time spent in this place.
 B = Non-inter-level travel time spent in this place.
 C = Inter-level travel time spent in this place.
 D = Time resting spent in this place.
 E = Time spent auto-exploring this place.
 F = Levels seen in this place.
 G = Mean time per level.
                   A        B        C        D        E       F      G
               +--------+--------+--------+--------+--------+-----+--------+
         Total |  39502 |  36545 |   2957 |   2257 |  26538 |  41 |  963.5 |
       Dungeon |  17631 |  16001 |   1630 |   1645 |  11023 |  15 | 1175.4 |
          Lair |   4776 |   4435 |    341 |    255 |   3517 |   5 |  955.2 |
         Swamp |   2765 |   2515 |    250 |     25 |   1900 |   4 |  691.2 |
     Snake Pit |   3726 |   3537 |    189 |      0 |   2847 |   4 |  931.5 |
  Orcish Mines |   1522 |   1452 |     70 |      0 |   1202 |   2 |  761.0 |
        Vaults |   3962 |   3703 |    259 |      0 |   2768 |   4 |  990.5 |
        Depths |   4143 |   3928 |    215 |    332 |   2768 |   4 | 1035.8 |
         Abyss |    298 |    298 |      0 |      0 |     34 |   1 |  298.0 |
        Bazaar |     87 |     87 |      0 |      0 |     63 |   1 |   87.0 |
      Ice Cave |    589 |    589 |      0 |      0 |    413 |   1 |  589.0 |
               +--------+--------+--------+--------+--------+-----+--------+

Top non-repeatable levels by time:
Depths:3: 2423 daAuts
     D:9: 2193 daAuts
    D:12: 1762 daAuts
     D:7: 1537 daAuts
    D:13: 1493 daAuts
  Lair:5: 1489 daAuts
    D:10: 1412 daAuts
Vaults:3: 1281 daAuts
     D:2: 1216 daAuts
    D:15: 1178 daAuts
Vaults:2: 1164 daAuts
  Lair:2: 1120 daAuts
 Snake:1: 1096 daAuts
     D:4: 1066 daAuts
Vaults:1: 1042 daAuts
